 Dungeon Crawl Stone Soup version 0.28-a0-983-g1de4e0787c (webtiles) character file.

Game seed: 4949892258059134430

57 Jinxx the Grave Robber (level 4, -1/30 HPs)
             Began as a Human Necromancer on Dec 3, 2021.
             Succumbed to an adder's poison
             ... on level 2 of the Dungeon.
             The game lasted 00:21:18 (987 turns).

Jinxx the Grave Robber (Human Necromancer)           Turns: 987, Time: 00:21:18

Health: -1/30      AC:  2    Str:  8    XL:     4   Next: 18%
Magic:  0/7        EV: 12    Int: 18    God:
Gold:   158        SH:  0    Dex: 13    Spells: 3/8 levels left

rFire   . . .      SeeInvis .   c - +1 whip (drain)
rCold   . . .      Faith    .   (no shield)
rNeg    . . .      Spirit   .   a - +0 robe
rPois   .          Reflect  .   (no helmet)
rElec   .          Harm     .   (no cloak)
rCorr   .          Rampage  .   (no gloves)
Will    .....                   (no boots)
Stlth   ++........              (no amulet)
HPRegen 0.10/turn               (no ring)
MPRegen 0.10/turn               (no ring)

@: lethally poisoned (-1 -> -12), very slightly contaminated
A: no striking features
a: no special abilities


You were on level 2 of the Dungeon.
You visited 1 branch of the dungeon, and saw 2 of its levels.

You collected 158 gold pieces.

Inventory:

Hand Weapons
 c - a +1 whip of draining (weapon)
 e - a +0 dagger of venom
Missiles
 b - 29 poisoned darts
Armour
 a - a +0 robe (worn)
Scrolls
 g - a scroll of amnesia {unknown}
Potions
 f - a potion of mutation {unknown}
 h - a potion of cancellation {unknown}


   Skills:
 + Level 0.2 Fighting
 + Level 0.1 Maces & Flails
 + Level 2.3 Dodging
 + Level 2.0 Stealth
 + Level 2.6 Spellcasting
 + Level 4.8 Necromancy


You had 3 spell levels left.
You knew the following spells:

 Your Spells              Type           Power      Damage    Failure   Level
a - Pain                  Necr           76%        1d7       2%          1
b - Animate Skeleton      Necr           38%        N/A       2%          1
c - Vampiric Draining     Necr           19%        2d7       7%          3

Your spell library contained the following spells:

 Spells                   Type           Power      Damage    Failure   Level
 Magic Dart               Conj           8%         1d3       17%         1
 Shock                    Conj/Air       8%         1d3       17%         1
 Searing Ray              Conj           4%         2d4       26%         2
 Swiftness                Air            2%         N/A       45%         3
 Animate Dead             Necr           9%         N/A       24%         4
 Agony                    Necr           19%        N/A       54%         5
 Airstrike                Air            1%         N/A       86%         4
 Fulminant Prism          Conj/Hex       1%         3d6       86%         4


Dungeon Overview and Level Annotations

Branches:
Dungeon (2/15)

Altars:


Message History

Aim: an adder (chance to affect: 84%)
You miscast Pain.
You are very lightly contaminated with residual magic.
Nothing appears to happen.
Your rat skeleton barely misses the adder.
The adder bites you.
Aiming: Pain (safe; 2% risk of failure)
Press: ? - help, Q - select action, (/) - cycle Shift-Dir - straight line, f/p - adder
Aim: an adder (chance to affect: 84%)
The adder writhes in agony.
The adder misses you.
Your rat skeleton barely misses the adder.
The goblin barely misses you.
You hit the goblin. You drain the goblin.
You kill the goblin!
The adder bites you.
* * * LOW HITPOINT WARNING * * *
Your rat skeleton misses the adder.
The adder closely misses you.
You hit the adder.
The adder is heavily wounded.
The adder closely misses you.
Your rat skeleton bites the adder but does no damage.
You miss the adder.
The adder is heavily wounded.
The adder bites you.
* * * LOW HITPOINT WARNING * * *
You are lethally poisoned!
The adder poisons you! The adder bites you.
* * * LOW HITPOINT WARNING * * *
You are more poisoned.
The adder poisons you!
Your rat skeleton closely misses the adder.
You closely miss the adder.
The adder is heavily wounded.
* * * LOW HITPOINT WARNING * * *
You feel very sick. The adder closely misses you.
You hit the adder. You drain the adder.
You kill the adder!
You die...

#...# .. # #...#####..
.. #.........# ..
.#.#######...#####.##...
........................
#......†............?..
##.....)..Z.......?....
#.#######.).......##...
#..@####### . #...# #
####...# .# ##.##...# ..
#.......# ##.##.##...#
#...#.###### #...)..#
#####
#...#.##.#########...#


You could see a friendly rat skeleton.

Vanquished Creatures
  Terence (D:2)
  An adder (D:2)
  A dart slug (D:2)
  3 ball pythons (D:1)
  3 endoplasms (D:1)
  A giant cockroach (D:1)
  4 goblins
  A hobgoblin (D:1)
  2 jackals (D:1)
  A bat (D:1)
  2 frilled lizards (D:1)
  6 kobolds (D:1)
  2 rats
28 creatures vanquished.

Vanquished Creatures (others)
  4 toadstools (D:1)
4 creatures vanquished.

Grand Total: 32 creatures vanquished

Notes
Turn   | Place    | Note
-------+----------+-------------------------------------------
     0 | D:1      | Jinxx the Human Necromancer began the quest for the Orb.
     0 | D:1      | Reached XP level 1. HP: 13/13 MP: 3/3
    22 | D:1      | Found a faded altar of an unknown god.
    27 | D:1      | Learned a level 1 spell: Animate Skeleton
   264 | D:1      | Reached XP level 2. HP: 12/19 MP: 3/5
   539 | D:1      | Reached XP level 3. HP: 18/24 MP: 1/6
   746 | D:1      | Learned a level 3 spell: Vampiric Draining
   919 | D:2      | Noticed Terence
   951 | D:2      | Killed Terence
   952 | D:2      | Reached XP level 4. HP: 14/30 MP: 1/7
   986 | D:2      | HP: 1/30 [poisoned by an adder]
   987 | D:2      | Succumbed to an adder's poison

Illustrated notes

Levels and vault maps discovered:
D:1:      dpeg_arrival_arbitrary_c, layout_loops_ring,
          chequers_ecumenical_altar_island, minmay_gold_behind_fungi,
          hangedman_decor_push, hex_large
D:2:      layout_loops_cross, uniq_terence, uniq_jessica,
          uniq_crazy_yiuf_cottage

Action                   |  1- 3 |  4- 6 || total
-------------------------+-------+-------++-------
Melee: Dagger            |    19 |       ||    19
       Hand axe          |    11 |       ||    11
       Whip              |    22 |     5 ||    27
 Cast: Pain              |    35 |     2 ||    37
       Animate Skeleton  |     4 |     1 ||     5
  Use: Potion            |     2 |       ||     2
 Stab: Sleeping          |     1 |       ||     1
Armor: Robe              |    13 |       ||    13
Dodge: Dodged            |    53 |     6 ||    59

Table legend: (Time is in decaauts)
 A = Elapsed time spent in this place.
 B = Non-inter-level travel time spent in this place.
 C = Inter-level travel time spent in this place.
 D = Time resting spent in this place.
 E = Time spent auto-exploring this place.
 F = Levels seen in this place.
 G = Mean time per level.
                   A        B        C        D        E       F      G
               +--------+--------+--------+--------+--------+-----+--------+
         Total |    997 |    297 |    700 |      0 |      0 |   2 |  498.5 |
       Dungeon |    997 |    297 |    700 |      0 |      0 |   2 |  498.5 |
               +--------+--------+--------+--------+--------+-----+--------+

Top non-repeatable levels by time:
     D:1: 894 daAuts
     D:2: 103 daAuts
